Map: Ruins of Seras

Players

Laughing - Winner!

  • Race: Zerg Zerg

Grumm

  • Race: Zerg Zerg
  • League: Gold

VOD

Have the link to the VOD?

Description

Time

  • Played on: Feb. 6, 2016, 7:42 p.m.
  • Length: 5:10
Show
View Real Time Build Order
Export as new Build Order

Laughing Zerg - Winner!

Build Orders: Hatch First, Zergling Baneling 

Get SALT Encoding   

  12  0:01  Drone  
  13  0:10  Drone  
  14  0:18  Overlord  
  14  0:36  Drone x3  
  17  1:00  Hatchery  
  16  1:05  Drone  
  16  1:06  Drone  
  18  1:12  Drone  
  19  1:19  Extractor  
  19  1:22  Spawning Pool  
  19  1:24  Drone  
  18  1:30  Drone  
  19  1:55  Drone x2  
  21  2:11  Queen  
  21  2:12  Queen  
  21  2:13  Drone  
  21  2:14  Drone, Overlord  
  27  2:19  Metabolic Boost  
  27  2:23  Drone  
  28  2:30  Overlord  
  28  2:39  Drone  
  28  2:43  Drone  
  30  2:44  Baneling Nest  
  29  3:08  Zergling x2  
  29  3:09  Zergling x10  
  35  3:26  Zergling x8  
  36  3:32  Zergling x2  
  36  3:33  Zergling x6, Queen  
  41  3:42  Overlord  
  41  3:43  Zergling x2  
  41  3:47  Zergling x2  
  43  3:53  Baneling  
  43  3:54  Baneling x6  
  39  4:31  Baneling x4  
  38  4:36  Zergling x16  
Show
View Real Time Build Order
Export as new Build Order

Grumm Zerg 

Build Orders: Hatch First 

Get SALT Encoding   

  12  0:01  Drone  
  13  0:10  Drone  
  14  0:36  Hatchery  
  14  0:39  Drone  
  14  0:47  Overlord  
  14  1:02  Extractor  
  13  1:05  Drone  
  14  1:12  Spawning Pool  
  14  1:15  Drone  
  14  1:50  Drone x2, Hatchery  
  15  2:00  Drone x2  
  17  2:11  Spine Crawler  
  16  2:18  Zergling x2  
  16  2:19  Zergling x2  
  18  2:28  Zergling x2  
  19  2:30  Zergling x2  
  20  2:46  Zergling x2  
  20  2:47  Zergling x6  
  24  2:53  Drone  
  25  3:02  Drone x2  
  27  3:23  Drone  
  27  3:24  Drone x5  
  29  3:34  Queen  
  29  3:39  Overlord  
  31  3:46  Spine Crawler  
  30  3:53  Spine Crawler  
  29  3:58  Zergling x2  
  29  3:59  Zergling x4  
  32  4:09  Zergling x12  
  24  4:36  Zergling x8  
  24  4:37  Zergling x4  
Tags
 
Add a new tag
Caveats
  • Supply blocks, unpowered buildings, or Contaminate may cause inaccurate times.
  • Supply counts are checked every 10 seconds.